TOP OF THE 1ST |
Santa Monica Bruins batting - Pitching for Houston Hammertime : RHP Carlos Fernández
|
Pitching: RHP Carlos Fernández
|
|
Batting: RHB Don Keating
|
0-0: Swinging Strike 0-1: Foul Ball, location: 2F 0-2: Ball 1-2: Ground out 1-3 (Groundball, 13)
|
Batting: RHB Mark Hosley
|
0-0: Ball 1-0: Ball 2-0: Foul Ball, location: 2F 2-1: Ball 3-1: Called Strike 3-2: Ground out 1-3 (Groundball, 23)
|
Batting: RHB Wallace Franklin
|
0-0: Ball 1-0: Swinging Strike 1-1: Ball 2-1: Foul Ball, location: 2F 2-2: Foul Ball, location: 2F 2-2: Foul Ball, location: 2F 2-2: Ball 3-2: Ground out 6-3 (Groundball, 6)
|
Top of the 1st over - 0 run(s), 0 hit(s), 0 error(s), 0 left on base; Santa Monica 0 - Houston 0 |
BOTTOM OF THE 1ST |
Houston Hammertime batting - Pitching for Santa Monica Bruins : RHP Warren Johnson
|
Pitching: RHP Warren Johnson
|
|
Batting: RHB Domingo Matos
|
0-0: Ball 1-0: Ball 2-0: Swinging Strike 2-1: Ball 3-1: Ground out 6-3 (Groundball, 6M)
|
Batting: RHB Pedro Meza
|
0-0: Ball 1-0: Called Strike 1-1: Ground out 6-3 (Groundball, 6)
|
Batting: RHB Raúl Salas
|
0-0: Swinging Strike 0-1: Called Strike 0-2: Ball 1-2: SINGLE (Groundball, 56D)
|
Batting: RHB Santo Cruz
|
0-0: Foul Ball, location: 2F 0-1: SINGLE (Line Drive, 6) Raúl Salas to second
|
Batting: RHB Mario Beltrán
|
0-0: Called Strike 0-1: Swinging Strike 0-2: Ball 1-2: Fly out, F9 (Flyball, 89M)
|
Bottom of the 1st over - 0 run(s), 2 hit(s), 0 error(s), 2 left on base; Santa Monica 0 - Houston 0 |
TOP OF THE 2ND |
Santa Monica Bruins batting - Pitching for Houston Hammertime : RHP Carlos Fernández
|
Batting: LHB Germán Charfauros
|
0-0: Ball 1-0: Swinging Strike 1-1: Ball 2-1: Ball 3-1: Swinging Strike 3-2: Strikes out swinging
|
Batting: RHB Pablo Peña
|
0-0: Foul Ball, location: 2F 0-1: Swinging Strike 0-2: Ball 1-2: Strikes out swinging
|
Batting: LHB Noriaki Sangi
|
0-0: Ball 1-0: Foul Ball, location: 2F 1-1: Ball 2-1: Ball 3-1: Ground out 4-3 (Groundball, 4)
|
Top of the 2nd over - 0 run(s), 0 hit(s), 0 error(s), 0 left on base; Santa Monica 0 - Houston 0 |
BOTTOM OF THE 2ND |
Houston Hammertime batting - Pitching for Santa Monica Bruins : RHP Warren Johnson
|
Batting: LHB José Villegas
|
0-0: Ball 1-0: Ball 2-0: SINGLE (Line Drive, 34D)
|
Batting: RHB Aaron Wilson
|
0-0: SINGLE (Line Drive, 4M) José Villegas to second
|
Batting: LHB Fernando Camacho
|
0-0: Ball 1-0: Grounds into double play, 4-6-3 (Groundball, 4) José Villegas to third
|
Batting: LHB Juan Cabañas
|
0-0: Called Strike 0-1: Ball 1-1: Called Strike 1-2: Strikes out swinging
|
Bottom of the 2nd over - 0 run(s), 2 hit(s), 0 error(s), 1 left on base; Santa Monica 0 - Houston 0 |
TOP OF THE 3RD |
Santa Monica Bruins batting - Pitching for Houston Hammertime : RHP Carlos Fernández
|
Batting: LHB Jeffrey Bascombe
|
0-0: Ball 1-0: Ball 2-0: Swinging Strike 2-1: Ball 3-1: Ground out 4-3 (Groundball, 4M)
|
Batting: RHB Armando Méndez
|
0-0: Called Strike 0-1: Foul Ball, location: 2F 0-2: Ball 1-2: Foul Ball, location: 2F 1-2: Strikes out swinging
|
Batting: RHB Iván De Jesús
|
0-0: Ball 1-0: SINGLE (Groundball, 56D)
|
Batting: RHB Don Keating
|
0-0: Ball 1-0: Ball 2-0: Ball 3-0: Called Strike 3-1: Foul Ball, location: 2F 3-2: Strikes out swinging
|
Top of the 3rd over - 0 run(s), 1 hit(s), 0 error(s), 1 left on base; Santa Monica 0 - Houston 0 |
BOTTOM OF THE 3RD |
Houston Hammertime batting - Pitching for Santa Monica Bruins : RHP Warren Johnson
|
Batting: RHB Domingo Matos
|
0-0: Called Strike 0-1: Called Strike 0-2: Foul Ball, location: 2F 0-2: Fly out, F8 (Line Drive, 8LXD)
|
Batting: RHB Pedro Meza
|
0-0: Ball 1-0: Ball 2-0: Called Strike 2-1: Fly out, F7 (Line Drive, 7S)
|
Batting: RHB Raúl Salas
|
0-0: Foul Ball, location: 2F 0-1: Swinging Strike 0-2: Ground out 2-3 (Groundball, 15S)
|
Bottom of the 3rd over - 0 run(s), 0 hit(s), 0 error(s), 0 left on base; Santa Monica 0 - Houston 0 |
TOP OF THE 4TH |
Santa Monica Bruins batting - Pitching for Houston Hammertime : RHP Carlos Fernández
|
Batting: RHB Mark Hosley
|
0-0: Ball 1-0: Reached on error, E6 (Groundball, 6M)
|
Batting: RHB Wallace Franklin
|
0-0: Fly out, F8 (Flyball, 89M)
|
Batting: LHB Germán Charfauros
|
0-0: Ball 1-0: Called Strike 1-1: Foul Ball, location: 2F 1-2: Ball 2-2: Ball 3-2: Foul Ball, location: 2F 3-2: Base on Balls Mark Hosley to second
|
Batting: RHB Pablo Peña
|
0-0: Foul Ball, location: 2F 0-1: Called Strike 0-2: Ball 1-2: Strikes out swinging
|
Batting: LHB Noriaki Sangi
|
0-0: DOUBLE (Flyball, 7LS) Mark Hosley scores Germán Charfauros to third Runner from 3rd tries for Home, SAFE, no throw or cutoff
|
Batting: LHB Jeffrey Bascombe
|
0-0: Fly out, F7 (Flyball, 7D)
|
Top of the 4th over - 2 run(s), 1 hit(s), 1 error(s), 1 left on base; Santa Monica 2 - Houston 0 |
BOTTOM OF THE 4TH |
Houston Hammertime batting - Pitching for Santa Monica Bruins : RHP Warren Johnson
|
Batting: RHB Santo Cruz
|
0-0: Ground out 5-3 (Groundball, 56)
|
Batting: RHB Mario Beltrán
|
0-0: Ground out 4-3 (Groundball, 4M)
|
Batting: LHB José Villegas
|
0-0: Foul Ball, location: 2F 0-1: Ball 1-1: Ball 2-1: Fly out, F7 (Flyball, 7LM)
|
Bottom of the 4th over - 0 run(s), 0 hit(s), 0 error(s), 0 left on base; Santa Monica 2 - Houston 0 |
TOP OF THE 5TH |
Santa Monica Bruins batting - Pitching for Houston Hammertime : RHP Carlos Fernández
|
Batting: RHB Armando Méndez
|
0-0: Foul Ball, location: 2F 0-1: Foul Ball, location: 2F 0-2: Strikes out swinging
|
Batting: RHB Iván De Jesús
|
0-0: Swinging Strike 0-1: Called Strike 0-2: Foul Ball, location: 2F 0-2: SOLO HOME RUN (Flyball, 78XD), Distance : 396 ft
|
Batting: RHB Don Keating
|
0-0: Called Strike 0-1: Ball 1-1: Ball 2-1: Ground out 5-3 (Groundball, 5)
|
Batting: RHB Mark Hosley
|
0-0: Foul Ball, location: 2F 0-1: Foul Ball, location: 2F 0-2: SINGLE (Line Drive, 7S)
|
Batting: RHB Wallace Franklin
|
0-0: Called Strike 0-1: Ball 1-1: Called Strike 1-2: Foul Ball, location: 2F 1-2: Strikes out swinging
|
Top of the 5th over - 1 run(s), 2 hit(s), 0 error(s), 1 left on base; Santa Monica 3 - Houston 0 |
BOTTOM OF THE 5TH |
Houston Hammertime batting - Pitching for Santa Monica Bruins : RHP Warren Johnson
|
Batting: RHB Aaron Wilson
|
0-0: Called Strike 0-1: Fly out, F9 (Flyball, 9S)
|
Batting: LHB Fernando Camacho
|
0-0: Foul Ball, location: 2F 0-1: Ball 1-1: Foul Ball, location: 2F 1-2: Foul Ball, location: 2F 1-2: DOUBLE (Flyball, 7LD)
|
Batting: LHB Juan Cabañas
|
0-0: Swinging Strike 0-1: SINGLE (Groundball, 23) (infield hit) Fernando Camacho to third
|
Batting: RHB Domingo Matos
|
0-0: Ball 1-0: Ball 2-0: Foul Ball, location: 2F 2-1: Ball 3-1: Foul Ball, location: 2F 3-2: Foul Ball, location: 2F 3-2: Base on Balls Juan Cabañas to second
|
Batting: RHB Pedro Meza
|
0-0: Called Strike 0-1: Ball 1-1: Ball 2-1: Foul Ball, location: 2F 2-2: Strikes out swinging
|
Batting: RHB Raúl Salas
|
0-0: Called Strike 0-1: Foul Ball, location: 2F 0-2: Ball 1-2: Foul Ball, location: 2F 1-2: SINGLE (Line Drive, 89S) Fernando Camacho scores Juan Cabañas to third Domingo Matos to second
|
Batting: RHB Santo Cruz
|
0-0: Ball 1-0: Foul Ball, location: 2F 1-1: Called Strike 1-2: Ball 2-2: Foul Ball, location: 2F 2-2: Ball 3-2: SINGLE (Groundball, 56) Juan Cabañas scores Domingo Matos to third Raúl Salas to second Domingo Matos scores Raúl Salas to third
|
Batting: RHB Mario Beltrán
|
0-0: Ball 1-0: Fly out, F8 (Flyball, 8RM)
|
Bottom of the 5th over - 3 run(s), 4 hit(s), 0 error(s), 2 left on base; Santa Monica 3 - Houston 3 |
TOP OF THE 6TH |
Santa Monica Bruins batting - Pitching for Houston Hammertime : RHP Carlos Fernández
|
Batting: LHB Germán Charfauros
|
0-0: Ball 1-0: Called Strike 1-1: Ball 2-1: Called Strike 2-2: Foul Ball, location: 2F 2-2: Ball 3-2: Foul Ball, location: 2F 3-2: Fly out, F6 (Popup, 5)
|
Batting: RHB Pablo Peña
|
0-0: Called Strike 0-1: Called Strike 0-2: Ball 1-2: Ball 2-2: Ball 3-2: Ground out 3-1 (Groundball, 34S)
|
Batting: LHB Noriaki Sangi
|
0-0: Ball 1-0: Ball 2-0: Foul Ball, location: 2F 2-1: Ball 3-1: Swinging Strike 3-2: Strikes out swinging, 2-3 out at first.
|
Top of the 6th over - 0 run(s), 0 hit(s), 0 error(s), 0 left on base; Santa Monica 3 - Houston 3 |
BOTTOM OF THE 6TH |
Houston Hammertime batting - Pitching for Santa Monica Bruins : RHP Warren Johnson
|
Batting: LHB José Villegas
|
0-0: Ball 1-0: Ball 2-0: Ground out U3 (Groundball, 3)
|
Batting: RHB Aaron Wilson
|
0-0: Called Strike 0-1: Ball 1-1: Ground out 4-3 (Groundball, 4)
|
Batting: LHB Fernando Camacho
|
0-0: Ground out 4-3 (Groundball, 4M)
|
Bottom of the 6th over - 0 run(s), 0 hit(s), 0 error(s), 0 left on base; Santa Monica 3 - Houston 3 |
TOP OF THE 7TH |
Santa Monica Bruins batting - Pitching for Houston Hammertime : RHP Carlos Fernández
|
Pitching: RHP António Mata
|
|
Batting: LHB Jeffrey Bascombe
|
0-0: Called Strike 0-1: Foul Ball, location: 2F 0-2: Ball 1-2: Strikes out looking
|
Pinch Hitting: SHB Yoshitoki Kouda
|
0-0: Foul Ball, location: 2F 0-1: Fly out, F5 (Popup, 56S)
|
Batting: RHB Iván De Jesús
|
0-0: Called Strike 0-1: Ground out 4-3 (Groundball, 4)
|
Top of the 7th over - 0 run(s), 0 hit(s), 0 error(s), 0 left on base; Santa Monica 3 - Houston 3 |
BOTTOM OF THE 7TH |
Houston Hammertime batting - Pitching for Santa Monica Bruins : RHP Warren Johnson
|
Now at 3B: Josh Richardson
|
|
Batting: LHB Juan Cabañas
|
0-0: Called Strike 0-1: Fly out, F6 (Popup, 6M)
|
Batting: RHB Domingo Matos
|
0-0: Foul Ball, location: 2F 0-1: Called Strike 0-2: Foul Ball, location: 2F 0-2: DOUBLE (Line Drive, 78XD)
|
Batting: RHB Pedro Meza
|
0-0: SINGLE (Flyball, 89S) Domingo Matos to third Runner from 3rd tries for Home, SAFE, no throw or cutoff
|
Batting: RHB Raúl Salas
|
0-0: Called Strike 0-1: Grounds into double play, U6-3 (Groundball, 6)
|
Bottom of the 7th over - 1 run(s), 2 hit(s), 0 error(s), 0 left on base; Santa Monica 3 - Houston 4 |
TOP OF THE 8TH |
Santa Monica Bruins batting - Pitching for Houston Hammertime : RHP António Mata
|
Pitching: RHP Ricardo Ontiveros
|
|
Batting: RHB Don Keating
|
0-0: Ball 1-0: Called Strike 1-1: Ball 2-1: Ball 3-1: Base on Balls
|
Batting: RHB Mark Hosley
|
0-0: Ball 1-0: Called Strike 1-1: Ball 2-1: Grounds into double play, 6-4-3 (Groundball, 6)
|
Batting: RHB Wallace Franklin
|
0-0: Ground out 5-3 (Groundball, 5L)
|
Top of the 8th over - 0 run(s), 0 hit(s), 0 error(s), 0 left on base; Santa Monica 3 - Houston 4 |
BOTTOM OF THE 8TH |
Houston Hammertime batting - Pitching for Santa Monica Bruins : RHP Warren Johnson
|
Batting: RHB Santo Cruz
|
0-0: Hit by Pitch
|
Batting: RHB Mario Beltrán
|
0-0: Swinging Strike 0-1: Ball 1-1: Foul Ball, location: 2F 1-2: Ball 2-2: Strikes out swinging
|
Pitching: RHP Javier Correa
|
|
Batting: LHB José Villegas
|
0-0: Fly out, F6 (Line Drive, 6)
|
Pinch Hitting: RHB Luis Barzaga
|
0-0: Called Strike 0-1: Ball 1-1: Called Strike 1-2: Foul Ball, location: 2F 1-2: Ball 2-2: Strikes out looking
|
Bottom of the 8th over - 0 run(s), 0 hit(s), 0 error(s), 1 left on base; Santa Monica 3 - Houston 4 |
TOP OF THE 9TH |
Santa Monica Bruins batting - Pitching for Houston Hammertime : RHP Ricardo Ontiveros
|
Pitching: RHP Raúl Saltines
|
|
Now at SS: Rafael Torres
|
|
Batting: LHB Germán Charfauros
|
0-0: Ball 1-0: Ball 2-0: Ball 3-0: Called Strike 3-1: Foul Ball, location: 2F 3-2: Fly out, F9 (Flyball, 89S)
|
Batting: RHB Pablo Peña
|
0-0: Ball 1-0: Called Strike 1-1: Ball 2-1: Ball 3-1: Foul Ball, location: 2F 3-2: Strikes out swinging
|
Batting: LHB Noriaki Sangi
|
0-0: SINGLE (Line Drive, 7S)
|
Batting: LHB Jeffrey Bascombe
|
0-0: Swinging Strike 0-1: Ball 1-1: Called Strike 1-2: Strikes out swinging
|
Top of the 9th over - 0 run(s), 1 hit(s), 0 error(s), 1 left on base; Santa Monica 3 - Houston 4 |
|